 Dungeon Crawl Stone Soup version 0.26.1-11-gd32895ea62 (webtiles) character file.

Game seed: 12364358478797000026

669 nothank2 the Carver (level 7, -1/57 HPs)
             Began as a Minotaur Fighter on June 22, 2021.
             Was an Initiate of Wu Jian.
             Slain by SunnyBump's ghost (11 damage)
             ... on level 5 of the Dungeon.
             The game lasted 00:07:12 (3744 turns).

nothank2 the Carver (Minotaur Fighter)              Turns: 3744, Time: 00:07:13

Health: -1/57      AC: 12    Str: 23    XL:     7   Next: 32%
Magic:  15/15      EV:  4    Int:  5    God:    Wu Jian [......]
Gold:   286        SH: 11    Dex:  9    Spells: 6/6 levels left

rFire    . . .     SeeInvis .   a - +0 long sword
rCold    . . .     Faith    .   i - +2 kite shield
rNeg     + . .     Spirit   .   t - +0 plate armour
rPois    .         Reflect  .   (helmet restricted)
rElec    .         Harm     .   (no cloak)
rCorr    .         Rampage  .   (no gloves)
Will     .....                  o - +0 pair of boots (curse)
Stlth    ..........             (no amulet)
HPRegen  0.19/turn              k - ring of positive energy (curse)
MPRegen  0.14/turn              q - ring of magical power

@: no status effects
A: retaliatory headbutt, horns 2
a: Renounce Religion


You were on level 5 of the Dungeon.
You worshipped Wu Jian.
Wu Jian was noncommittal.
You visited 1 branch of the dungeon, and saw 5 of its levels.

You collected 286 gold pieces.

Inventory:

Hand Weapons
 a - a +0 long sword (weapon)
Missiles
 l - 3 boomerangs (quivered)
Armour
 b - a +0 scale mail
 c - a +0 kite shield
 i - a +2 kite shield (worn)
 o - a cursed +0 pair of boots (worn)
 t - a +0 plate armour (worn)
Jewellery
 k - a cursed ring of positive energy (left hand)
 q - a ring of magical power (right hand)
Wands
 p - a wand of random effects (18)
Scrolls
 m - 2 scrolls of amnesia
 n - 2 scrolls of identify
 s - a scroll of teleportation
Potions
 d - 3 potions of might
 e - 3 potions of curing
 f - 2 potions of attraction {unknown}
 g - 2 potions of flight {unknown}
 h - a potion of brilliance {unknown}
 j - a potion of ambrosia {unknown}
 r - 2 potions of lignification {unknown}
 u - a potion of degeneration {unknown}


   Skills:
 - Level 3.6 Fighting
 + Level 9.9 Long Blades
 - Level 3.6 Armour
 - Level 3.6 Shields


You had 6 spell levels left.
You didn't know any spells.
Your spell library contained the following spells:

 Spells                   Type           Power        Failure   Level
 Confusing Touch          Hex            0%           100%        3
 Gell's Gravitas          Tloc           0%           100%        3
 Petrify                  Tmut/Erth      0%           100%        4
 Metabolic Englaciation   Hex/Ice        0%           100%        5
 Yara's Violent Unravell  Hex/Tmut       0%           100%        5


Dungeon Overview and Level Annotations

Branches:
Dungeon (5/15)
 Temple: D:4-7

Altars:
Kikubaaqudgha
Ru
Trog
Wu Jian

Annotations:
D:5 SunnyBump's ghost, novice DsBe


Innate Abilities, Weirdness & Mutations

You reflexively headbutt those who attack you in melee.
You have a pair of horns on your head.


Message History

SunnyBump's ghost hits you!
You closely miss SunnyBump's ghost.
SunnyBump's ghost is heavily damaged.
You block SunnyBump's ghost's attack.
You hit SunnyBump's ghost but do no damage.
You headbutt SunnyBump's ghost!
SunnyBump's ghost is severely damaged.
SunnyBump's ghost hits you but does no damage.
You hit SunnyBump's ghost. Your headbutt misses SunnyBump's ghost.
SunnyBump's ghost is severely damaged.
SunnyBump's ghost hits you but does no damage.
You hit SunnyBump's ghost but do no damage.
You headbutt SunnyBump's ghost.
SunnyBump's ghost is severely damaged.
SunnyBump's ghost hits you!
* * * LOW HITPOINT WARNING * * *
You hit SunnyBump's ghost but do no damage.
SunnyBump's ghost is severely damaged.
SunnyBump's ghost hits you!
You die...

.... #......<†......
.... ..#............
#..#..###............
....[..o......(......
.......##...#########
...###. #.....# .
########.# ≈≈≈≈≈≈#).#
≈$≈≈≈SW@.# ≈≈≈≈≈w#.##
#########


You could see a worm, SunnyBump's ghost and a ball python.

Vanquished Creatures
  A sky beast (D:5)
  An ogre (D:4)
  A howler monkey (D:4)
  Crazy Yiuf (D:3)
  An orc priest (D:4)
  A centaur skeleton (D:4)
  A jelly (D:5)
  Jessica (D:3)
  An iguana (D:4)
  Ijyb (D:3)
  2 worker ants (D:4)
  Natasha (thrice) (D:3)
  4 adders
  A river rat (D:5)
  3 worms
  5 dart slugs
  2 leopard geckos
  3 orcs
  A ball python (D:1)
  10 bats
  3 giant cockroaches
  7 goblins
  11 hobgoblins
  3 jackals (D:1)
  8 kobolds
  A quokka (D:4)
  4 frilled lizards
  A quokka skeleton (D:4)
  5 rats
87 creatures vanquished.

Vanquished Creatures (others)
  A plant (D:2)
1 creature vanquished.

Grand Total: 88 creatures vanquished

Notes
Turn   | Place    | Note
-------+----------+-------------------------------------------
     0 | D:1      | nothank2 the Minotaur Fighter began the quest for the Orb.
     0 | D:1      | Reached XP level 1. HP: 19/19 MP: 0/0
    90 | D:1      | Reached skill level 3 in Long Blades
   295 | D:1      | Reached XP level 2. HP: 26/26 MP: 1/1
   473 | D:1      | Reached skill level 4 in Long Blades
   570 | D:1      | Reached XP level 3. HP: 30/31 MP: 2/2
  1154 | D:2      | Found an ancient bone altar of Kikubaaqudgha.
  1154 | D:2      | Found a sacrificial altar of Ru.
  1189 | D:2      | Reached skill level 5 in Long Blades
  1522 | D:2      | Reached XP level 4. HP: 39/39 MP: 3/3
  2237 | D:3      | Noticed Natasha
  2245 | D:3      | Killed Natasha
  2246 | D:3      | Reached skill level 6 in Long Blades
  2284 | D:3      | Noticed Ijyb
  2298 | D:3      | Killed Ijyb
  2299 | D:3      | Reached XP level 5. HP: 45/45 MP: 4/4
  2353 | D:3      | Noticed Natasha
  2356 | D:3      | Killed Natasha
  2697 | D:3      | Noticed Jessica
  2701 | D:3      | Killed Jessica
  2702 | D:3      | Reached skill level 7 in Long Blades
  2738 | D:3      | Found a runed translucent door.
  2739 | D:3      | Noticed Crazy Yiuf
  2748 | D:3      | Killed Crazy Yiuf
  2969 | D:3      | Noticed Natasha
  2976 | D:3      | Killed Natasha
  3043 | D:3      | Found an ornate altar of the Wu Jian Council.
  3050 | D:3      | Noticed a spectral centipede
  3050 | D:3      | Noticed a spectral black mamba
  3050 | D:3      | Noticed a spectral cane toad
  3051 | D:3      | Became a worshipper of the Wu Jian Council
  3147 | D:4      | Reached XP level 6. HP: 50/51 MP: 5/5
  3208 | D:4      | Reached skill level 8 in Long Blades
  3253 | D:4      | Found a bloodstained altar of Trog.
  3394 | D:4      | Reached skill level 9 in Long Blades
  3512 | D:4      | Reached XP level 7. HP: 57/57 MP: 6/6
  3640 | D:5      | Entered Level 5 of the Dungeon
  3655 | D:5      | Reached * piety under Wu Jian
  3709 | D:5      | Found a runed translucent door.
  3710 | D:5      | Noticed SunnyBump's ghost (novice DsBe)
  3744 | D:5      | Slain by SunnyBump's ghost

Illustrated notes

Levels and vault maps discovered:
D:1:      dpeg_arrival_water_temple_mockup, layout_basic
D:2:      cheibrodos_greedy_goblins, layout_loops_cross,
          gammafunk_temple_overflow_statue, minmay_misc_feat_rows, minivault_27,
          chequers_big_river
D:3:      layout_loops_ring, pdpol_wu_jian_five_deadly_venoms,
          uniq_crazy_yiuf_cottage, uniq_jessica, uniq_natasha, uniq_ijyb
D:4:      layout_rooms, minivault_1, trog_three_pillars_becter
D:5:      layout_rooms, minmay_temple_entry_wispy, serial_rivers,
          chequers_serial_rivers_large_a, chequers_serial_rivers_room_a,
          chequers_serial_rivers_small_a, chequers_serial_rivers_marsh,
          ebering_ghost_sewer_f, basic_altar

Skill      XL: |  1  2  3  4  5  6 |
---------------+-------------------+-----
Long Blades    | 3 4 5 6 7 9 |  9.9
Fighting       | |  3.6
Armour         | |  3.6
Shields        | |  3.6

Action                   |  1- 3 |  4- 6 |  7- 9 || total
-------------------------+-------+-------+-------++-------
Melee: Long sword        |   119 |   113 |    34 ||   266
       Headbutt          |    12 |    20 |    11 ||    43
Throw: Boomerang         |       |     1 |       ||     1
Invok: Lunge             |       |     3 |     1 ||     4
  Use: Scroll            |       |     6 |       ||     6
Armor: Scale mail        |    52 |    32 |       ||    84
       Plate armour      |       |       |    14 ||    14
Dodge: Dodged            |    47 |    18 |       ||    65
Block: Kite shield       |    74 |    52 |    12 ||   138
       Rpst.: Long sword |    15 |     6 |       ||    21
